Map: Катализатор РВ

Players

ИИ 1 (знаток) - Winner!

  • Race: Terran Terran
  • Spawn Location: 5:00

Doll

  • Race: Zerg Zerg
  • Spawn Location: 11:00

VOD

Have the link to the VOD?

Description

Time

  • Played on: March 6, 2021, 2:42 a.m.
  • Length: 9:49
Show
View Real Time Build Order
Export as new Build Order

ИИ 1 (знаток) Terran - Winner!

Build Orders:  

Get SALT Encoding   

  12  0:00  SCV  
  13  0:13  SCV  
  14  0:18  Supply Depot  
  14  0:25  SCV  
  15  0:40  SCV  
  16  0:44  Barracks  
  16  0:52  SCV  
  17  1:04  SCV  
  18  1:17  Command Center  
  18  1:32  Marine, Orbital Command  
  18  1:37  Supply Depot  
  19  1:45  Refinery  
  19  1:50  Marine  
  20  1:57  SCV  
  21  2:02  Barracks  
  21  2:08  Refinery  
  21  2:09  Marine  
  21  2:10  SCV  
  23  2:27  Marine  
  24  2:37  SCV  
  25  2:45  Marine  
  25  2:46  Factory  
  26  2:53  Barracks Tech Lab, Refinery  
  26  2:55  Refinery  
  25  3:02  Marine  
  25  3:05  SCV  
  27  3:09  SCV  
  27  3:11  Marauder  
  30  3:17  SCV  
  31  3:21  Barracks Tech Lab  
  31  3:22  SCV  
  32  3:29  SCV  
  32  3:32  Hellion  
  32  3:34  SCV  
  36  3:40  Factory  
  36  3:41  SCV  
  36  3:46  SCV  
  38  3:53  SCV  
  38  3:54  Factory Tech Lab  
  39  3:59  Starport  
  39  4:08  Starport  
  39  4:20  Marauder  
  39  4:23  Factory Tech Lab  
  41  4:27  Supply Depot  
  41  4:30  Reaper  
  42  4:38  Starport Tech Lab  
  42  4:40  Hellion  
  44  4:46  Starport Tech Lab  
  44  4:50  Hellion  
  46  4:55  Supply Depot  
  46  4:56  SCV  
  46  4:59  SCV  
  48  5:01  Siege Tank  
  51  5:07  Stimpack  
  51  5:08  SCV  
  51  5:11  SCV  
  53  5:16  Combat Shield  
  53  5:21  SCV  
  54  5:23  SCV  
  54  5:26  Engineering Bay  
  55  5:33  SCV  
  56  5:38  SCV  
  56  5:39  Supply Depot  
  57  5:45  SCV  
  58  5:50  Marine, SCV  
  58  5:52  Terran Infantry Armor Level 1  
  60  5:57  SCV  
  60  6:00  Marine  
  60  6:03  SCV, Supply Depot  
  63  6:09  SCV  
  63  6:10  Marine  
  65  6:15  SCV  
  66  6:20  Marauder  
  66  6:24  SCV  
  69  6:28  SCV  
  69  6:30  Supply Depot, Marauder  
  72  6:35  Concussive Shells  
  72  6:37  SCV  
  73  6:40  SCV  
  73  6:41  Reaper  
  75  6:50  Viking  
  75  6:52  SCV x2  
  79  6:54  Supply Depot  
  79  7:00  Hellion  
  81  7:10  Hellion  
  81  7:11  Missile Turret  
  83  7:15  Missile Turret  
  83  7:16  SCV x2  
  83  7:18  Missile Turret  
  83  7:19  Supply Depot  
  83  7:22  Hellion  
  87  7:26  Missile Turret  
  87  7:31  Sensor Tower  
  87  7:32  Hellion  
  87  7:34  Armory  
  88  7:43  Siege Tank  
  72  7:46  Terran Infantry Weapons Level 1  
  63  7:53  Siege Tank  
  60  8:00  Marine  
  59  8:10  Marine  
  57  8:14  SCV  
  57  8:18  SCV  
  58  8:20  Marine  
  58  8:26  SCV  
  57  8:30  SCV  
  57  8:31  Marauder  
  56  8:40  Reaper  
  53  8:51  Marine  
  53  8:59  SCV  
  53  9:01  Hellion  
  53  9:02  SCV  
  54  9:07  Hellion  
  54  9:08  Barracks  
  55  9:13  Factory  
  55  9:14  Marauder  
  55  9:17  Starport, Command Center  
  55  9:20  Marauder  
  54  9:27  Hellion  
Show
View Real Time Build Order
Export as new Build Order

Doll Zerg 

Build Orders: Hatch First 

Get SALT Encoding   

  12  0:01  Drone  
  13  0:13  Overlord  
  13  0:19  Drone  
  14  0:32  Drone x2  
  14  0:35  Drone  
  17  0:55  Hatchery  
  16  0:57  Drone  
  16  1:01  Drone  
  18  1:04  Extractor  
  17  1:18  Spawning Pool  
  16  1:20  Drone  
  16  1:24  Drone  
  18  1:29  Drone  
  19  1:39  Overlord  
  19  2:05  Zergling x4  
  19  2:06  Queen  
  19  2:07  Queen  
  25  2:10  Drone  
  25  2:12  Drone  
  27  2:22  Drone  
  28  2:26  Drone  
  29  2:30  Drone  
  29  2:36  Drone  
  31  2:42  Extractor  
  30  2:48  Drone  
  30  2:49  Drone  
  31  2:55  Zergling x2, Hatchery  
  31  2:56  Zergling x2  
  31  3:01  Zergling x2  
  32  3:06  Zergling x2  
  32  3:12  Zergling x2  
  34  3:13  Roach Warren  
  34  3:17  Overlord  
  33  3:26  Zergling x2  
  34  3:27  Zergling x2  
  34  3:28  Zergling x2  
  36  3:36  Lair  
  36  3:39  Drone  
  37  3:42  Drone  
  37  3:45  Drone  
  37  3:48  Drone  
  40  3:53  Overlord  
  40  3:58  Roach  
  44  4:02  Roach  
  44  4:08  Overlord  
  44  4:12  Drone  
  44  4:13  Drone  
  44  4:16  Drone  
  47  4:18  Drone  
  47  4:20  Drone  
  47  4:23  Drone  
  50  4:26  Roach  
  50  4:30  Roach  
  54  4:32  Drone  
  54  4:34  Drone  
  54  4:38  Overlord  
  56  4:43  Roach  
  56  4:45  Roach  
  60  4:47  Glial Reconstitution  
  60  4:51  Ravager  
  60  4:52  Ravager  
  62  4:53  Ravager  
  62  4:55  Ravager  
  62  4:56  Roach  
  62  4:58  Roach  
  68  5:01  Metabolic Boost  
  68  5:04  Overlord  
  68  5:07  Drone  
  68  5:08  Drone  
  68  5:10  Drone  
  68  5:12  Drone  
  73  5:14  Drone  
  73  5:15  Drone  
  74  5:22  Baneling Nest  
  74  5:23  Drone  
  74  5:24  Roach  
  74  5:26  Roach  
  78  5:29  Roach  
  78  5:31  Overlord  
  78  5:34  Drone  
  78  5:35  Drone  
  82  5:42  Hydralisk Den  
  81  5:49  Infestation Pit  
  80  5:51  Roach  
  80  5:52  Zergling x2  
  80  5:53  Zergling x4, Drone  
  80  5:54  Drone x2  
  88  6:03  Extractor  
  87  6:05  Overlord, Extractor  
  87  6:07  Ravager  
  87  6:09  Zergling x2  
  87  6:10  Zergling x2  
  87  6:11  Overlord, Zergling x2  
  90  6:14  Overseer  
  90  6:21  Overlord  
  90  6:26  Ravager  
  90  6:28  Drone  
  90  6:29  Drone  
  90  6:30  Overlord, Drone x2  
  90  6:31  Drone x2  
  97  6:34  Baneling  
  97  6:38  Baneling  
  97  6:39  Baneling  
  97  6:40  Zergling x2  
  97  6:41  Zergling x2  
  97  6:42  Zergling x2  
  97  6:44  Baneling  
  97  6:45  Baneling  
  97  6:46  Baneling  
  100  6:48  Queen  
  100  6:49  Queen  
  100  6:52  Queen  
  100  6:53  Overlord  
  106  6:56  Baneling x3  
  106  6:57  Baneling  
  106  6:58  Baneling, Drone  
  106  6:59  Drone  
  106  7:01  Drone  
  109  7:02  Drone  
  109  7:05  Ravager  
  111  7:08  Drone  
Tags
 
Add a new tag
Caveats
  • Supply blocks, unpowered buildings, or Contaminate may cause inaccurate times.
  • Supply counts are checked every 10 seconds.